 Dungeon Crawl Stone Soup version 0.23.2-30-g0e89c35649 (webtiles) character file.

Game seed: 8632730981571023572

50 Belius the Sneak (level 3, -1/19 HPs)
             Began as a Deep Elf Enchanter on June 21, 2019.
             Killed by nerve-wracking pain
             ... invoked by a shadow imp
              (9 damage)
             ... on level 2 of the Dungeon.
             The game lasted 00:03:42 (2160 turns).

Belius the Sneak (Deep Elf Enchanter)               Turns: 2160, Time: 00:03:42

Health: -1/19      AC:  2    Str:  5    XL:     3   Next: 55%
Magic:  9/10       EV: 13    Int: 19    God:
Gold:   48         SH:  0    Dex: 16    Spells: 6/9 levels left

rFire    . . .     SeeInvis .   a - +1 dagger
rCold    . . .     Gourm    .   (no shield)
rNeg     . . .     Faith    .   b - +0 robe
rPois    .         Spirit   .   (no helmet)
rElec    .         Reflect  .   (no cloak)
rCorr    .         Harm     .   (no gloves)
MR       .....                  (no boots)
Stlth    +++.......             (no amulet)
HPRegen  0.06/turn              (no ring)
MPRegen  0.12/turn              (no ring)

@: no status effects
A: no striking features
a: no special abilities


You were on level 2 of the Dungeon.
You were not hungry.

You visited 1 branch of the dungeon, and saw 2 of its levels.

You collected 48 gold pieces.

Inventory:

Hand Weapons
 a - a +1 dagger (weapon)
Armour
 b - a +0 robe (worn)
 i - a +1 hat
Scrolls
 f - 3 scrolls of enchant armour {unknown}
 h - a scroll of teleportation {unknown}
 j - a scroll of blinking {unknown}
 k - a scroll of remove curse {unknown}
Potions
 c - 2 potions of lignification {unknown}
 e - 2 potions of heal wounds {unknown}
 g - a potion of degeneration {unknown}
Comestibles
 d - 4 rations


   Skills:
 + Level 1.2 Short Blades
 + Level 2.6 Dodging
 + Level 4.6 Stealth
 + Level 3.5 Spellcasting
 + Level 4.6 Hexes
 - Level 0.4 Ice Magic


You had 6 spell levels left.
You knew the following spells:

 Your Spells              Type           Power        Failure   Level  Hunger
a - Corona                Hex            ###....      2%          1    None
b - Ensorcelled Hibernat  Hex/Ice        ##....       8%          2    ##.....

Your spell library contained the following spells:

 Spells                   Type           Power        Failure   Level  Hunger
 Confuse                  Hex            ###.....     6%          3    ###....
 Tukima's Dance           Hex            ###.....     6%          3    ###....
 Dazzling Spray           Conj/Hex       ##....       17%         3    ###....


Dungeon Overview and Level Annotations

Branches:
Dungeon (2/15)

Altars:


Message History

The shadow imp is severely wounded.
The shadow imp barely misses you.
You barely miss the shadow imp.
The shadow imp is severely wounded.
The shadow imp barely misses you.
Casting: Corona (safe; 2% risk of failure)
Confirm with . or Enter, or press ? or * to list all spells.
Aiming: Corona (safe; 2% risk of failure)
Press: ? - help, Shift-Dir - straight line, f - shadow imp
Aim: a shadow imp (severely wounded, chance to defeat MR: 67%)
The shadow imp barely resists.
The shadow imp hits you but does no damage.
You closely miss the shadow imp.
The shadow imp is severely wounded.
The shadow imp closely misses you.
You hit the shadow imp.
The shadow imp is almost dead.
The shadow imp gestures at you. Pain shoots through your body!
You die...

#.# #h# #.# #.# ... #.#.#
#l#######...##.#.#
........... ...#.#
......s...# #..#.#
#########.# #..#.#
........#.# #..#5# #
#######.#.###..#@###..###
........................>
#####.#.#.###..#.###..##.
.).<#.#........#.# #
.##.# #....####### .#.[#
#....# .####.#.#+##
......#.# ##.####.#


You could see a shadow imp.

Vanquished Creatures
  An adder (D:2)
  2 oozes
  A dart slug (D:1)
  2 giant cockroaches
  2 goblins
  3 hobgoblins
  4 jackals
  2 kobolds
  A quokka (D:2)
  3 bats
  3 frilled lizards (D:1)
  6 rats (D:1)
30 creatures vanquished.

Notes
Turn   | Place    | Note
-------+----------+-------------------------------------------
     0 | D:1      | Belius the Deep Elf Enchanter began the quest for the Orb.
     0 | D:1      | Reached XP level 1. HP: 10/10 MP: 6/6
   378 | D:1      | Reached XP level 2. HP: 4/15 MP: 6/8
   582 | D:1      | Learned a level 2 spell: Ensorcelled Hibernation
  1762 | D:2      | Reached XP level 3. HP: 19/19 MP: 9/9
  2160 | D:2      | Killed from afar by a shadow imp

Skill      XL: |  1  2 |
---------------+-------+-----
Stealth        | 4 |  4.6
Short Blades   | |  1.2
Dodging        | |  2.6
Spellcasting   | |  3.5
Hexes          | |  4.6
Ice Magic      | |  0.4

Action                   || total
-------------------------++-------
Melee: Dagger            ||    70
 Cast: Corona            ||     5
       Ensorcelled Hiber ||    35
 Stab: Sleeping          ||    25
  Eat: Chunk             ||     5
Armor: Robe              ||    13
Dodge: Dodged            ||    65
